 Dungeon Crawl Stone Soup version 0.19-a0-585-ge40200b (webtiles) character file.

480 Duffy the Cudgeler (level 7, -7/37 HPs)
             Began as a Vine Stalker Fighter on June 9, 2016.
             Was a Follower of the Shining One.
             Mangled by a small abomination (10 damage)
             ... on level 1 of the Abyss.
             The game lasted 00:03:18 (3142 turns).

Duffy the Cudgeler (Vine Stalker Fighter)           Turns: 3142, Time: 00:03:18

Health: -7/37      AC:  8    Str: 19    XL:     7   Next: 12%
Magic:  0/8        EV:  5    Int:  8    God:    the Shining One [*.....]
Gold:   122        SH: 10    Dex: 15    Spells: 0 memorised, 6 levels left

rFire  . . .     SeeInvis .     a - +0 flail
rCold  . . .     Gourm    .     i - +0 chain mail
rNeg   . . .     Faith    .     c - +0 shield
rPois  .         Spirit   +     (no helmet)
rElec  .         Dismiss  .     (no cloak)
rCorr  .         Reflect  .     (no gloves)
SustAt .         Harm     .     (no boots)
MR     .....                    (no amulet)
Stlth  ..........               (no ring)
                                (no ring)

@: lethally poisoned (-7 -> -8), glowing, not resistant to hostile enchantments,
extremely unstealthy
A: fangs 2, regeneration 2, magic shield, antimagic bite, no device heal 3, rot
immunity
a: Renounce Religion


You were on level 1 of the Abyss.
You worshipped the Shining One.
The Shining One was aware of your devotion.
You were not hungry.

You visited 1 branch of the dungeon, and saw 4 of its levels.
You visited the Abyss 1 time.

You collected 122 gold pieces.


Innate Abilities, Weirdness & Mutations

You have extremely sharp teeth.
You heal very quickly.
When hurt, damage is shared between your health and your magic reserves.
Your bite disrupts and absorbs the magic of your enemies.
Potions and wands cannot restore your health.
You are immune to rotting.


   Skills:
 + Level 3.9 Fighting
 + Level 5.0 Maces & Flails
 - Level 2.4 Armour
 - Level 4.5 Shields


You had 6 spell levels left.
You didn't know any spells.

Inventory:

Hand Weapons
 a - a +0 flail (weapon)
Armour
 b - a +0 scale mail
 c - a +0 shield (worn)
 i - a +0 chain mail (worn)
Jewellery
 o - an uncursed ring of fire
Scrolls
 h - 2 scrolls of identify {unknown}
 k - a scroll of recharging {unknown}
 m - 2 scrolls of magic mapping {unknown}
 q - 2 scrolls of enchant weapon {unknown}
Potions
 d - a potion of might
 e - a potion of agility {unknown}
 g - a potion of mutation {unknown}
 j - 2 potions of magic {unknown}
 p - a potion of degeneration {unknown}
Comestibles
 f - 2 bread rations
 l - a beef jerky
 n - 3 meat rations

Dungeon Overview and Level Annotations

Branches:
Dungeon (4/15)
 Temple: D:4-7

Altars:
Elyvilon
Gozag
The Shining One

Annotations:
D:4 removeelyvilon's ghost, amateur DsSu


Message History

Killing monsters will force the Abyss to allow you passage.
This branch contains the abyssal rune of Zot.
Found 20 gold pieces.
Unknown command.
Unknown command.
Unknown command.
Unknown command.
Unknown command.
Unknown command.
Unknown command.
Unknown command.
Unknown command.
Unknown command.
Unknown command.
Unknown command.
Unknown command.
Unknown command.
Unknown command.
Unknown command.
Unknown command.
Unknown command.
Unknown command.
Eating a chunk of flesh.
This raw flesh tastes terrible.
You feel sick.
You continue eating. x2
You feel sick.
You feel sick.
You feel sick.
You feel sick.
You feel sick.
A small abomination comes into view.
A small abomination is nearby!
A small abomination is nearby!
The small abomination hits you but does no damage.
Found 34 gold pieces.
You hit the small abomination but do no damage.
You bite the small abomination, but do no damage.
You feel sick. The small abomination hits you!
You are too injured to fight recklessly!
You are too injured to fight recklessly!
You are too injured to fight recklessly!
You hit the small abomination but do no damage.
You bite the small abomination, but do no damage.
The small abomination hits you!
Your shield and chain mail prevent you from hitting the small abomination.
You block the small abomination's attack.
The small abomination hits you.
You hit the small abomination but do no damage.
You bite the small abomination, but do no damage.
The small abomination hits you!
You die...

.. ... #. ..
##..... ... #.
.#..... ...# ..
.......
#....#.##.......
.....#.#.......
#.....#.#
#.$...# ##..@##
#..#x# #.....
#....##. ......
.. ....... .$
....... #.#
..##.. ##


You could see a small abomination.

Action                   |  1- 3 |  4- 6 |  7- 9 || total
-------------------------+-------+-------+-------++-------
Melee: Flail             |   102 |   139 |    34 ||   275
       Bite              |    22 |    30 |    11 ||    63
  Eat: Chunk             |       |     7 |     1 ||     8
Armor: Scale mail        |    56 |    14 |       ||    70
       Chain mail        |       |    41 |    26 ||    67
Dodge: Dodged            |    32 |    31 |     6 ||    69
Block: Shield            |    60 |    65 |    22 ||   147

Notes
Turn   | Place    | Note
--------------------------------------------------------------
     0 | D:1      | Duffy the Vine Stalker Fighter began the quest for the Orb.
     0 | D:1      | Reached XP level 1. HP: 11/11 MP: 2/2
   128 | D:2      | Reached skill level 2 in Maces & Flails
   128 | D:2      | Reached skill level 3 in Shields
   128 | D:2      | Reached XP level 2. HP: 7/16 MP: 1/3
   235 | D:2      | Found a glowing golden altar of the Shining One.
   253 | D:2      | Became a worshipper of the Shining One
   403 | D:1      | Reached XP level 3. HP: 15/19 MP: 2/4
   896 | D:2      | Reached XP level 4. HP: 21/23 MP: 2/5
   970 | D:2      | Reached skill level 3 in Maces & Flails
  1125 | D:2      | Reached skill level 4 in Shields
  1137 | D:2      | Reached XP level 5. HP: 27/27 MP: 6/6
  1199 | D:2      | Found an opulent altar of Gozag.
  1931 | D:2      | Reached * piety under the Shining One
  2431 | D:3      | Found a white marble altar of Elyvilon.
  2561 | D:3      | Reached skill level 4 in Maces & Flails
  2614 | D:3      | Gained mutation: You heal very quickly. [Vine Stalker growth]
  2614 | D:3      | Reached XP level 6. HP: 26/32 MP: 5/7
  2677 | D:3      | Reached skill level 3 in Fighting
  2973 | D:4      | Noticed Menkaure
  2978 | D:4      | Killed Menkaure
  2978 | D:4      | Reached XP level 7. HP: 17/37 MP: 2/8
  3037 | D:4      | Reached skill level 5 in Maces & Flails
  3104 | D:4      | Noticed removeelyvilon's ghost (amateur DsSu)
  3120 | D:4      | Cast into level 1 of the Abyss (removeelyvilon's ghost)
  3142 | Abyss:1  | Mangled by a small abomination

Skill      XL: |  1  2  3  4  5  6  7 |
---------------+----------------------+-----
Maces & Flails | 2 3 4 5 |  5.0
Shields        | 3 4 |  4.5
Fighting       | 3 |  3.9
Armour         | |  2.4

Vault maps used:
D:1:      saegor_arrival_simple_e
D:2:      nicolae_overflow_crystal_walls, old_standard_altar
D:3:      old_standard_altar
D:4:      first_bread, tgw_trog, uniq_menkaure

Vanquished Creatures
  Menkaure
  3 orc wizards
  A worker ant
  4 gnolls
  13 adders
  2 worms
  A dart slug
  4 giant geckos
  3 orcs
  6 bats
  5 giant cockroaches
  15 goblins
  4 hobgoblins
  7 jackals
  8 kobolds
  2 quokkas
  6 giant newts
  8 rats
93 creatures vanquished.
